 Dungeon Crawl Stone Soup version 0.23.2-33-g5129a83184 (webtiles) character file.

Game seed: 4929460817177323957

28007 DorianNounverber the Geomancer (level 13, -3/78 HPs)
             Began as a Gargoyle Earth Elementalist on July 13, 2019.
             Was an Elder of Vehumet.
             Slain by Aizul (6 damage)
             ... on level 3 of the Lair of Beasts on July 14, 2019.
             The game lasted 01:12:16 (20776 turns).

DorianNounverber the Geomancer (GrEE)              Turns: 20776, Time: 01:12:17

Health: -3/78      AC: 19    Str: 13    XL:     13   Next: 36%
Magic:  0/36       EV: 16    Int: 20    God:    Vehumet [****..]
Gold:   1009       SH:  0    Dex: 14    Spells: 14/32 levels left

rFire    + . .     SeeInvis +   U - staff of wizardry
rCold    . . .     Gourm    .   (no shield)
rNeg     + . .     Faith    +   V - +2 robe of Complete Protection {+Fly rElec rF+ MP+9}
rPois    ∞         Spirit   .   e - +1 hat {SInv}
rElec    +         Reflect  .   K - +2 cloak {+Inv}
rCorr    .         Harm     .   X - +0 pair of gloves
MR       .....                  p - +0 pair of boots
Stlth    ++........             P - amulet of Kuonto {Faith *Contam Dex+4 SInv}
HPRegen  0.23/turn              k - ring of wizardry
MPRegen  0.25/turn              v - ring of wizardry

@: no status effects
A: negative energy resistance 1, electricity resistance, unbreathing,
petrification resistance, rot immunity, AC +9
a: Renounce Religion, Evoke Invisibility, Evoke Flight


You were on level 3 of the Lair of Beasts.
You worshipped Vehumet.
Vehumet was greatly pleased with you.
You were hungry.

You visited 5 branches of the dungeon, and saw 17 of its levels.

You collected 1893 gold pieces.
You spent 884 gold pieces at shops.

Inventory:

Hand Weapons
 i - a +2 dire flail of protection
 o - a +1 quarterstaff of speed
 J - a +2 quarterstaff of chaos
 T - a +1 flail of protection
Missiles
 b - 90 stones (quivered)
 B - 3 tomahawks
 F - 2 throwing nets
 R - 2 tomahawks of returning
Armour
 e - a +1 hat of see invisible (worn)
 p - a +0 pair of boots (worn)
 K - a +2 cloak of invisibility (worn)
 V - the +2 robe of Complete Protection (worn) {+Fly rElec rF+ MP+9}
   (You bought it in a shop on level 11 of the Dungeon)

   It protects you from fire.
   It insulates you from electricity.
   It affects your magic capacity (+9).
   It lets you fly.
 W - a +2 shield
 X - a +0 pair of gloves (worn)
Magical Staves
 U - an uncursed staff of wizardry (weapon)
Jewellery
 g - an uncursed ring of protection from fire
 k - a ring of wizardry (left hand)
 r - an uncursed amulet of guardian spirit
 v - a ring of wizardry (right hand)
 H - a +3 ring of protection
 N - an uncursed ring of see invisible
 P - the amulet of Kuonto (around neck) {Faith *Contam Dex+4 SInv}
   (You found it on level 2 of the Lair of Beasts)

   [amulet of faith]

   It allows you to gain divine favour quickly.
   It affects your dexterity (+4).
   It lets you see invisible.
   It causes magical contamination when unequipped.
 Y - an uncursed ring of flight
Wands
 a - a wand of disintegration (16)
 s - a wand of acid (11)
 C - a wand of random effects (62)
 D - a wand of iceblast (12)
 I - a wand of flame (87)
 L - a wand of paralysis (10)
 S - a wand of polymorph (8)
Scrolls
 f - 3 scrolls of identify
 h - a scroll of acquirement {unknown}
 q - 3 scrolls of remove curse
 t - 3 scrolls of enchant armour
 w - 2 scrolls of amnesia
 y - 2 scrolls of fear
 A - 2 scrolls of enchant weapon
 M - a scroll of holy word {unknown}
 O - a scroll of blinking
 Q - 2 scrolls of teleportation
Potions
 c - a potion of heal wounds
 j - 2 potions of cancellation
 l - 5 potions of curing
 m - a potion of might
 n - 3 potions of lignification
 u - 7 potions of flight
 x - 2 potions of brilliance
 z - 5 potions of haste
 G - a potion of resistance {unknown}
Miscellaneous
 E - a phial of floods
 Z - a lamp of fire
Comestibles
 d - 18 rations


   Skills:
 + Level 8.3 Fighting
 - Level 4.6(5.4) Maces & Flails
 - Level 4.1(5.2) Staves
 + Level 6.6 Dodging
 - Level 2.1 Stealth
 + Level 4.7 Shields
 * Level 10.2 Spellcasting
 + Level 8.2 Conjurations
 - Level 0.7 Transmutations
 * Level 13.0 Earth Magic
 + Level 5.4 Evocations


You had 14 spell levels left.
You knew the following spells:

 Your Spells              Type           Power        Failure   Level  Hunger
a - Sandblast             Erth           ######       1%          1    None
b - Stone Arrow           Conj/Erth      ######       1%          3    None
c - Petrify               Tmut/Erth      #####...     1%          4    ##.....
d - Lee's Rapid Deconstr  Erth           ######....   1%          5    ####...
e - Dazzling Spray        Conj/Hex       ####..       1%          3    None
f - Passwall              Tmut/Erth      #####...     1%          2    None

Your spell library contained the following spells:

 Spells                   Type           Power        Failure   Level  Hunger
 Airstrike                Air            ##........   8%          4    ##.....
 Corona                   Hex            ##.....      1%          1    None
 Ensorcelled Hibernation  Hex/Ice        ##....       2%          2    None
 Confuse                  Hex            ##......     4%          3    None
 Tukima's Dance           Hex            ##......     4%          3    None


Dungeon Overview and Level Annotations

Branches:
Dungeon (11/15)            Temple (1/1) D:7            Lair (3/6) D:10
  Snake (1/4) Lair:3          Orc (1/2) D:9
  Swamp: Lair:2-4    Shoals: Lair:2-4

Altars:
Ashenzari
Cheibriados
Dithmenos
Elyvilon
Fedhas
Gozag
Hepliaklqana
Kikubaaqudgha
Makhleb
Nemelex Xobeh
Okawaru
Qazlal
Ru
Sif Muna
Trog
Uskayaw
Vehumet
Wu Jian
Xom
Yredelemnul
Zin
The Shining One

Shops:
D:9 [   D:11 [

Annotations:
D:11 1 exclusion
Lair:2 Elebi's ghost, journeyman DrTm
Lair:3 Aizul
Orc:1 haesbaert's ghost, journeyman DsNe; oldnick's ghost, journeyman KoCj


Innate Abilities, Weirdness & Mutations

You are resistant to torment.
Your stone body is resilient. (AC +9)
You are immune to poison.
You resist negative energy. (rN+)
You are resistant to electric shocks. (rElec)
You can survive without breathing.
You are immune to petrification.
You are immune to rotting.


Message History

* * * LOW HITPOINT WARNING * * *
Casting: Sandblast (safe; 1% risk of failure)
Confirm with . or Enter, or press ? or * to list all spells.
Aiming: Sandblast (safe; 1% risk of failure)
Press: ? - help, Shift-Dir - straight line, f/p - Aizul
Aim: Aizul (almost dead)
The blast of sand hits Aizul!
Aizul is almost dead.
b - 91 stones Aizul misses you.
Casting: Sandblast (safe; 1% risk of failure)
Confirm with . or Enter, or press ? or * to list all spells.
Aiming: Sandblast (safe; 1% risk of failure)
Press: ? - help, Shift-Dir - straight line, f/p - Aizul
Aim: Aizul (almost dead)
The blast of sand hits Aizul but does no damage.
Aizul is almost dead.
b - 90 stones Aizul hits you.
You die...

...###...........#...#...........
...###...........................
....##...........................
...####......P...................
...## #...P##P.....#.#...........
...P# #....##....#####...........
....# #...###....# #....#.#.#...
....# #...# #P..S# ##...#####...
...####...####..@## ##....# #....
...# #.....###...P###.....####...
...# ##....##......#.......##....
...# #....###...##.#......###...
...####...## #...#####.._........
...#..#...## #.....# #......##...
...........###...#####.....P#....
..................###.....####...
..........................# #...


You could see Aizul.

Vanquished Creatures
  Gastronok (D:11)
  Harold (D:7)
  3 hydras
  A two-headed ogre (D:10)
  A dancing weapon (Lair:1)
  3 death yaks
  A naga sharpshooter (Snake:1)
  Sonja (D:11)
  The ghost of Tinylith the Arsonist, a novice DEFE of Ru (Lair:1)
  2 oklob plants (Lair:2)
  A cyclops (D:11)
  A moth of wrath (Lair:2)
  The ghost of Atelerd the Magician, a novice OpCj (D:5)
  A black mamba (Lair:3)
  Maurice (D:11)
  Psyche (D:11)
  5 spiny frogs
  A gargoyle (D:11)
  A rime drake (Lair:3)
  3 komodo dragons
  A troll (D:10)
  A hornet (D:5)
  5 slime creatures (D:8)
  5 blink frogs (Lair:2)
  5 hippogriffs
  Sigmund (D:3)
  3 wyverns
  11 yaks
  A hog (D:9)
  Eustachio (D:6)
  Menkaure (D:6)
  Edmund (D:5)
  4 water moccasins
  Duvessa (D:5)
  5 porcupines
  4 orc warriors
  3 ice beasts
  3 sky beasts
  4 black bears
  A phantom (D:6)
  6 centaurs
  6 ogres
  6 crocodiles
  3 big kobolds
  9 bullfrogs
  A wyvern zombie (D:11)
  Dowan (D:5)
  4 scorpions
  12 killer bees
  5 howler monkeys
  A crimson imp (D:10)
  4 quasits
  A bullfrog zombie (D:7)
  8 hounds
  8 orc wizards
  Crazy Yiuf (D:7)
  An orc priest (Orc:1)
  2 bullfrog skeletons
  3 centaur skeletons
  3 iguanas
  7 worker ants
  A hound zombie (D:10)
  A hound skeleton (D:11)
  7 gnolls
  13 adders
  4 shadow imps
  3 adder zombies
  An adder skeleton (D:7)
  A worm (D:2)
  A dart slug (D:2)
  6 leopard geckos
  26 orcs
  A ball python (D:5)
  11 giant cockroaches
  4 goblins
  7 hobgoblins
  10 jackals
  20 kobolds
  8 quokkas
  6 bats
  4 frilled lizards
  A jackal skeleton (D:5)
  A jackal zombie (D:8)
  8 rats
  A plant (Lair:2)
330 creatures vanquished.

Vanquished Creatures (others)
  2 bushes (Lair:2)
  A fungus (Lair:2)
  A plant (Lair:2)
  5 toadstools (D:8)
  A withered plant (Orc:1)
10 creatures vanquished.

Grand Total: 340 creatures vanquished

Notes
Turn   | Place    | Note
-------+----------+-------------------------------------------
     0 | D:1      | DorianNounverber the Gargoyle Earth Elementalist began the
                  | quest for the Orb.
     0 | D:1      | Reached XP level 1. HP: 10/10 MP: 3/3
   265 | D:1      | Reached XP level 2. HP: 16/16 MP: 0/5
   635 | D:1      | Reached skill level 4 in Earth Magic
  1283 | D:1      | Reached XP level 3. HP: 14/20 MP: 4/6
  1396 | D:1      | Learned a level 3 spell: Stone Arrow
  1433 | D:2      | Reached skill level 1 in Fighting
  1733 | D:2      | Reached XP level 4. HP: 11/25 MP: 3/8
  1866 | D:2      | Learned a level 4 spell: Petrify
  1960 | D:2      | Found a glowing golden altar of the Shining One.
  1964 | D:2      | Reached skill level 1 in Conjurations
  2049 | D:2      | Reached XP level 5. HP: 18/29 MP: 3/9
  2132 | D:2      | Reached skill level 1 in Maces & Flails
  2250 | D:2      | Found an opulent altar of Gozag.
  2760 | D:3      | Noticed Sigmund
  2789 | D:3      | Killed Sigmund
  2789 | D:3      | Reached skill level 5 in Earth Magic
  2789 | D:3      | Reached XP level 6. HP: 8/35 MP: 1/11
  3304 | D:3      | Found a shattered altar of Ashenzari.
  3864 | D:3      | Found a faded altar of an unknown god.
  4296 | D:4      | Reached XP level 7. HP: 40/40 MP: 7/12
  4340 | D:4      | Learned a level 5 spell: Lee's Rapid Deconstruction
  4782 | D:4      | Found a burning altar of Makhleb.
  4875 | D:4      | Found an opulent altar of Gozag.
  4875 | D:4      | Found a shadowy altar of Dithmenos.
  5037 | D:4      | Found a glowing silver altar of Zin.
  5110 | D:5      | Entered Level 5 of the Dungeon
  5110 | D:5      | Noticed Dowan
  5113 | D:5      | Reached skill level 6 in Earth Magic
  5184 | D:5      | Killed Dowan
  5185 | D:5      | Noticed Duvessa
  5255 | D:5      | Killed Duvessa
  5255 | D:5      | Reached XP level 8. HP: 30/46 MP: 4/14
  5618 | D:5      | Found a transporter.
  5621 | D:5      | Found a transporter.
  5621 | D:5      | Noticed Atelerd's ghost (novice OpCj)
  5621 | D:5      | Noticed a hornet
  5624 | D:5      | Noticed Edmund
  5685 | D:5      | Killed Edmund
  5831 | D:5      | Reached skill level 7 in Earth Magic
  5838 | D:5      | Reached skill level 5 in Spellcasting
  6454 | D:5      | Killed a hornet
  6454 | D:5      | Reached XP level 9. HP: 29/52 MP: 1/17
  6593 | D:5      | Reached skill level 8 in Earth Magic
  6598 | D:5      | Killed Atelerd's ghost
  6793 | D:6      | Noticed Eustachio
  6796 | D:6      | Noticed Menkaure
  6804 | D:6      | Killed Eustachio
  6811 | D:6      | Killed Menkaure
  7858 | D:7      | Noticed Harold
  8309 | D:7      | Reached skill level 9 in Earth Magic
  8484 | D:7      | Killed Harold
  8484 | D:7      | Reached skill level 5 in Fighting
  8484 | D:7      | Reached skill level 5 in Conjurations
  8484 | D:7      | Reached skill level 1 in Evocations
  8484 | D:7      | Reached XP level 10. HP: 42/59 MP: 3/20
  8677 | D:7      | Found a white marble altar of Elyvilon.
  8753 | D:7      | Found a staircase to the Ecumenical Temple.
  8769 | D:7      | Found a runed translucent door.
  8770 | D:7      | Noticed Crazy Yiuf
  9105 | D:7      | Killed Crazy Yiuf
  9199 | Temple   | Entered the Ecumenical Temple
  9254 | Temple   | Became a worshipper of Vehumet
  9765 | D:8      | Reached skill level 1 in Staves
  9986 | D:8      | Reached skill level 10 in Earth Magic
 10565 | D:9      | Found a staircase to the Orcish Mines.
 10565 | D:9      | Found Hopt's Armour Boutique.
 10929 | D:9      | Reached * piety under Vehumet
 10929 | D:9      | Offered knowledge of Sting by Vehumet.
 11338 | D:9      | Reached XP level 11. HP: 57/64 MP: 19/22
 11454 | D:9      | Learned a level 3 spell: Dazzling Spray
 11798 | D:10     | Entered Level 10 of the Dungeon
 11953 | D:10     | Reached skill level 5 in Dodging
 12288 | D:10     | Noticed a two-headed ogre
 12296 | D:10     | Killed a two-headed ogre
 12454 | D:10     | Learned a level 2 spell: Passwall
 12607 | D:10     | Found a staircase to the Lair.
 12729 | D:10     | Offered knowledge of Freeze by Vehumet.
 12939 | D:11     | Noticed Sonja
 12939 | D:11     | Noticed Psyche
 12948 | D:11     | Killed Sonja
 12961 | D:11     | Killed Psyche
 12961 | D:11     | Reached ** piety under Vehumet
 13037 | D:11     | Found Aroopeh's Armour Shoppe.
 13064 | D:11     | Bought the +2 robe of Complete Protection {+Fly rElec rF+
                  | MP+9} for 632 gold pieces
 13064 | D:11     | Bought a +2 shield for 198 gold pieces
 13064 | D:11     | Bought a +0 pair of gloves for 54 gold pieces
 13251 | D:11     | Reached skill level 11 in Earth Magic
 13254 | D:11     | Noticed an eight-headed hydra
 13258 | D:11     | Killed an eight-headed hydra
 13303 | D:11     | Reached skill level 1 in Shields
 13511 | D:11     | Noticed Maurice
 13522 | D:11     | Killed Maurice
 13778 | D:11     | Noticed Gastronok
 13929 | D:11     | Killed Gastronok
 14088 | D:11     | Offered knowledge of Mephitic Cloud by Vehumet.
 14088 | D:11     | Reached XP level 12. HP: 71/71 MP: 24/24
 14629 | D:11     | Reached *** piety under Vehumet
 14652 | D:11     | Found a deep blue altar of Sif Muna.
 14977 | Orc:1    | Entered Level 1 of the Orcish Mines
 15042 | Orc:1    | Found a runed translucent gate.
 15042 | Orc:1    | Found a runed translucent gate.
 15275 | Orc:1    | Found a runed translucent gate.
 15325 | Orc:1    | Noticed haesbaert's ghost (journeyman DsNe)
 15325 | Orc:1    | Noticed oldnick's ghost (journeyman KoCj)
 15642 | Lair:1   | Entered Level 1 of the Lair of Beasts
 15643 | Lair:1   | Noticed a six-headed hydra
 15652 | Lair:1   | Killed a six-headed hydra
 16134 | Lair:1   | Found a gate leading to a gauntlet.
 16306 | Lair:1   | Offered knowledge of Airstrike by Vehumet.
 16337 | Lair:1   | Reached skill level 12 in Earth Magic
 16585 | Lair:1   | Found a shimmering altar of Xom.
 16585 | Lair:1   | Noticed Tinylith's ghost (novice DEFE)
 16587 | Lair:1   | Found a runed translucent door.
 16605 | Lair:1   | Killed Tinylith's ghost
 16790 | Lair:1   | Got a shimmering chain mail
 16791 | Lair:1   | Identified the cursed +1 chain mail "Xoarghat" {rElec
                  | Stlth+} (You found it on level 1 of the Lair of Beasts)
 16853 | Lair:1   | Noticed a four-headed hydra
 16858 | Lair:1   | Killed a four-headed hydra
 17230 | Lair:2   | Noticed a death yak
 17232 | Lair:2   | Noticed a death yak
 17232 | Lair:2   | Noticed a death yak
 17232 | Lair:2   | Noticed a death yak
 17233 | Lair:2   | Noticed a death yak
 17469 | Lair:2   | Killed a death yak
 18150 | Lair:2   | Reached skill level 5 in Evocations
 18150 | Lair:2   | Reached XP level 13. HP: 78/78 MP: 9/26
 18374 | Lair:2   | Reached **** piety under Vehumet
 18592 | Lair:2   | Found a transporter.
 18614 | Lair:2   | Noticed Elebi's ghost (journeyman DrTm)
 18624 | Lair:2   | Found a transporter.
 18651 | Lair:2   | HP: 2/78 [crocodile (18)]
 19131 | Lair:2   | Reached skill level 10 in Spellcasting
 19256 | Lair:2   | Got a steaming emerald amulet
 19262 | Lair:2   | Identified the amulet of Kuonto {Faith *Contam Dex+4 SInv}
                  | (You found it on level 2 of the Lair of Beasts)
 19906 | Lair:3   | Found a bloodstained altar of Trog.
 20029 | Lair:3   | Found a staircase to the Snake Pit.
 20240 | Lair:3   | Reached skill level 13 in Earth Magic
 20726 | Snake:1  | Entered Level 1 of the Snake Pit
 20728 | Snake:1  | Noticed Aizul
 20774 | Lair:3   | HP: 3/78 [Aizul (13)]
 20776 | Lair:3   | Slain by Aizul

Skill      XL: |  1  2  3  4  5  6  7  8  9 10 11 12 13 |
---------------+----------------------------------------+-----
Earth Magic    | 4 5 6 7 9 10 11 12 13 | 13.0
Fighting       | 1 2 3 4 5 6 7 8 |  8.3
Dodging        | 2 3 4 5 6 |  6.6
Conjurations   | 1 2 3 5 6 7 8 |  8.2
Spellcasting   | 3 4 5 6 7 8 9 10 | 10.2
Maces & Flails | 1 2 3 4 |  4.6
Evocations     | 1 2 3 5 |  5.4
Staves         | 2 3 4 |  4.1
Shields        | 2 4 |  4.7
Stealth        | |  2.1
Transmutations | |  0.7

Action                   |  1- 3 |  4- 6 |  7- 9 | 10-12 | 13-15 || total
-------------------------+-------+-------+-------+-------+-------++-------
Melee: Unarmed           |    18 |       |       |       |       ||    18
       Club              |    69 |       |       |       |       ||    69
       Flail             |       |    47 |    19 |       |       ||    66
       Dire flail        |       |       |    66 |     7 |       ||    73
       Quarterstaff      |       |       |       |    89 |       ||    89
       Staff             |       |       |       |    27 |       ||    27
 Cast: Sandblast         |    27 |    32 |   130 |   240 |    31 ||   460
       Stone Arrow       |     6 |    31 |    31 |   146 |    68 ||   282
       Petrify           |       |       |     3 |    10 |     8 ||    21
       Lee's Rapid Decon |       |       |     1 |    12 |     1 ||    14
       Dazzling Spray    |       |       |       |    12 |     1 ||    13
       Passwall          |       |       |       |     2 |       ||     2
  Use: Potion            |       |     1 |     1 |     1 |       ||     3
       Scroll            |       |     5 |     1 |    15 |       ||    21
 Stab: Sleeping          |       |       |     1 |       |       ||     1
       Petrified         |       |       |       |    10 |       ||    10
  Eat: Chunk             |     3 |     5 |     8 |     8 |       ||    24
       Ration            |       |     2 |     2 |     8 |     2 ||    14
Armor: Robe              |    31 |    35 |    75 |   151 |    20 ||   312
Dodge: Dodged            |    66 |    47 |   142 |   174 |    31 ||   460
